 Dungeon Crawl Stone Soup version 0.16-a0-286-g6bac339 (webtiles) character file.

243 Kashira the Gusty (level 6, -1/32 HPs)
             Began as a Tengu Air Elementalist on Aug 28, 2014.
             Was a Follower of Qazlal.
             Slain by a gnoll
             ... wielding a +0 spear
              (3 damage)
             ... on Level 4 of the Dungeon.
             The game lasted 00:20:33 (3136 turns).

Kashira the Gusty (Tengu Air Elementalist)          Turns: 3136, Time: 00:20:33

HP  -1/32        AC  3     Str  8      XL: 6   Next:  9%
MP  12/15        EV 13     Int 16      God: Qazlal [*.....]
Gold 141         SH  2     Dex 16      Spells:  4 memorised,  4 levels left

rFire  . . .     SeeInvis .     h - +1 dagger (venom)
rCold  . . .     Clarity  .     a - +0 robe
rNeg   . . .     rCorr    .     (no shield)
rPois  +         rRot     .     (helmet restricted)
rElec  .         Spirit   .     i - +0 cloak
SustAb .         Warding  .     (no gloves)
rMut   +         Stasis   .     (boots unavailable)
Gourm  .                        j - amulet of resist mutation
MR     .....                    (no ring)
                                t - ring of poison resistance

@: not resistant to hostile enchantments, unstealthy
A: able to fly, beak, talons 3
a: Fly, Renounce Religion


You were on level 4 of the Dungeon.
You worshipped Qazlal.
Qazlal was aware of your devotion.
You were hungry.

You visited 1 branch of the dungeon, and saw 4 of its levels.

You collected 141 gold pieces.

Inventory:

Hand weapons
 d - a +0 dagger
 h - a +1 dagger of venom (weapon)
 x - a +0 blowgun
 y - a +3 dagger
Missiles
 l - 20 poisoned needles
Armour
 a - a +0 robe (worn)
 i - a +0 cloak (worn)
Comestibles
 c - 3 bread rations
 m - a meat ration
 o - a fruit
Scrolls
 e - 2 scrolls of identify {unknown}
 f - 2 scrolls of magic mapping
 g - a scroll of fear {unknown}
 k - a scroll of fog {unknown}
 p - a scroll of random uselessness {unknown}
 q - a scroll of remove curse {unknown}
 s - a scroll of enchant weapon {unknown}
 u - a scroll of blinking {unknown}
 v - a scroll of amnesia {unknown}
 w - a scroll of teleportation {unknown}
Jewellery
 j - an amulet of resist mutation (around neck)
 t - a ring of poison resistance (left hand)
Potions
 n - a potion of restore abilities
 r - 2 potions of magic {unknown}
Books
 b - a book of Air

   Spells                             Type                      Level
   *Shock                             Conjuration/Air              1
   *Swiftness                         Charms/Air                   2
   *Repel Missiles                    Charms/Air                   2
   *Flight                            Charms/Air                   3
   Static Discharge                   Conjuration/Air              3
   Lightning Bolt                     Conjuration/Air              5


   Skills:
 + Level 0.2 Fighting
 + Level 2.8 Dodging
 + Level 2.5 Stealth
 + Level 3.6 Spellcasting
 + Level 3.1 Conjurations
 + Level 0.5 Charms
 + Level 5.9 Air Magic


You had 4 spell levels left.
You knew the following spells:

 Your Spells              Type           Power        Failure   Level  Hunger
a - Shock                 Conj/Air       ###.         3%          1    None
b - Repel Missiles        Chrm/Air       ##....       10%         2    ##.....
c - Swiftness             Chrm/Air       ##......     10%         2    ##.....
d - Flight                Chrm/Air       ##........   14%         3    ###....


Dungeon Overview and Level Annotations

Branches:
Dungeon (4/15)
 Temple: D:4-7

Altars:
Qazlal
Sif Muna


Innate Abilities, Weirdness & Mutations

You can fly.
You have a beak for a mouth.
You have claws for feet.


Message History

The gnoll misses you.
Casting: Shock
Confirm with . or Enter, or press ? or * to list all spells.
Aiming: Shock
Press: ? - help, Shift-Dir - straight line, f/p - gnoll
Aim: a gnoll (almost dead)
The zap hits the gnoll.
You kill the gnoll!
Qazlal accepts your kill.
The zap hits the gnoll.
The gnoll is almost dead.
You are feeling hungry.
The gnoll hits you from afar with a spear!
* * * LOW HITPOINT WARNING * * *
Drink which item? (? for menu, Esc to quit)
Okay, then.
Read which item? (? for menu, Esc to quit)
Okay, then.
The gnoll hits you from afar with a spear.
You die...

#####.......# #.......## **,**
###.###.# #........## **,#
###.###.# #%§.......#####*#♣
#.....#.# #.#######.....###P
#.#####.####.###########...#. #.#
#.##>....>....# ###...
##.#####.##....#####.## ####
#........#####...##.§.#* #
#########.......@####...§.#* #
..............g§§# #.......#****#
........%........# #..._...#,,,,,
....#.####..###### #.......#,,,,,
....#.......#******##.....##,,,,,
#'########....,,,,,,##...##******
#.,,,,,,,....##,,,*,*#####,,,****
..,,,,,,.....#*,,,*,*,,,,,,,,*,,,
.#*****.......*,,,*,*****,,,,*,,,


You could see a gnoll.

Vanquished Creatures
  A phantom (D:4)
  An orc wizard (D:3)
  A gnoll (D:4)
  An adder (D:3)
  A worm (D:3)
  An ooze (D:3)
  5 orcs (D:3)
  6 giant cockroaches
  8 hobgoblins
  19 jackals
  22 kobolds
  3 ball pythons (D:1)
  3 bats
  A giant newt (D:1)
  13 goblins
  A hobgoblin skeleton (D:4)
  3 quokkas
  5 rats
  A plant (D:4)
96 creatures vanquished.

Notes
Turn   | Place    | Note
--------------------------------------------------------------
     0 | D:1      | Kashira, the Tengu Air Elementalist, began the quest for the Orb.
     0 | D:1      | Reached XP level 1. HP: 10/10 MP: 3/3
   288 | D:1      | Reached XP level 2. HP: 15/15 MP: 3/5
   815 | D:2      | Found a stormy altar of Qazlal.
   838 | D:2      | Learned a level 2 spell: Repel Missiles
   841 | D:2      | Learned a level 2 spell: Swiftness
  1025 | D:2      | Reached XP level 3. HP: 19/19 MP: 0/7
  1544 | D:3      | Reached skill level 5 in Air Magic
  1781 | D:3      | Reached XP level 4. HP: 24/24 MP: 1/9
  1875 | D:3      | Learned a level 3 spell: Flight
  1908 | D:2      | Became a worshipper of Qazlal Stormbringer
  2480 | D:3      | Reached XP level 5. HP: 28/28 MP: 9/13
  2541 | D:3      | Acquired Qazlal's first power
  2565 | D:4      | Noticed an orc warrior
  2615 | D:4      | Noticed a phantom
  2650 | D:4      | Killed a phantom
  2876 | D:4      | Reached XP level 6. HP: 32/32 MP: 0/15
  3042 | D:4      | Found a deep blue altar of Sif Muna.
  3128 | D:4      | HP: 1/32 [gnoll/spear (10)]
  3136 | D:4      | Slain by a gnoll

Action                   |  1- 3 |  4- 6 || total
-------------------------+-------+-------++-------
Melee: Unarmed           |     1 |       ||     1
       Dagger            |    10 |    36 ||    46
 Cast: Shock             |    73 |   104 ||   177
       Flight            |       |     2 ||     2
  Use: Potion            |     5 |       ||     5
       Scroll            |       |     1 ||     1
 Stab: Sleeping          |     1 |       ||     1
  Eat: Chunk             |     3 |     5 ||     8
